Cogmind - Beta 16.1 @@@ ROGUE MODE // 2026.03.01 @ 10:05:15 Player: ae Result: Escaped! Performance ------------- Evolutions (9) 4500 Regions Visited (20) 4000 Robots Destroyed (215) 1075 Value Destroyed (8107) 8107 Prototype IDs (62) 1240 Alien Tech Used (0) 0 Bonus (9036) 9036 TOTAL SCORE: 27958 Bonus ------- High Alert Combat Kills 853 Follower Combat Kills 1913 Entered Garrisons 200 Used RIF Installer 1000 Entered DSFs 500 Network Hubs Disabled 200 Aligned with FarCom 300 Built Enhanced Grunts 300 A7 Reached Mainframe 300 Met R17 at Cetus 500 Win 3000 Friendly Fire -30 Cogmind --------- Core Integrity 1110/1600 Matter 6/300 Energy 99/100 System Corruption 0% Temperature Cool (0) Movement Core (250) Ox4 Location To Epsilon Eridani Parts ------- > --- POWER (1) -------- (None) > --- PROPULSION (4) --- (None) > --- UTILITY (16) ----- Structural Scanner Advanced Signal Interpreter Advanced Targeting Computer Advanced Launcher Guidance Computer Advanced Target Analyzer Advanced Target Analyzer Core Analyzer Hacking Suite System Shield Improved System Shield Improved System Guard > --- WEAPON (4) ------- Micro-nuke Launcher Nanosword > --- INVENTORY (5) ---- Advanced ECM Suite Enhanced Hardcell Cannon Advanced Remote Datajack Enhanced Force Lance Peak State ------------ > --- POWER ------------ Compact Particle Reactor > --- PROPULSION ------- Q-thruster Electron Diverter Impulse Thruster Array > --- UTILITY ---------- Advanced Power Amplifier Enhanced Optical Array Advanced Signal Interpreter Experimental Terrain Scan Processor Advanced Launcher Guidance Computer Advanced ECM Suite Graphene Brace Experimental Thermal Shield Advanced Hacking Suite System Shield Improved System Shield Improved System Guard > --- WEAPON ----------- Hypervelocity Railgun Nanosword Plasma Lance > --- INVENTORY -------- Micro Antimatter Reactor Impulse Thruster Nova Cannon Fusion Bomb Launcher Improved Remote Datajack [Rating: 144] Favorites ----------- Power Nuclear Core Engine Reinforced Deuterium Engine Power Core Nuclear Core Reactor Compact Particle Reactor Propulsion Light Treads Treads Light Treads Leg Aluminum Leg Wheel Compact Wheel Hover Unit Antigrav System Flight Unit Experimental Q-thruster Utility Huge Storage Unit Device Recoil Stabilizer Storage Huge Storage Unit Processor Enhanced Optical Array Hackware Improved System Shield Protection Light Armor Plating Weapon Improved Light Cannon Energy Gun High-powered Shock Rifle Energy Cannon Ion Cannon Ballistic Gun Precision Assault Rifle Ballistic Cannon Improved Light Cannon Launcher Long-range Missile Launcher Special Weapon Remote Datajack Impact Weapon Maul Slashing Weapon Ripper Piercing Weapon Plasma Lance Build | -11 -10 -10 -10 -9 -8 -7 -7 -7 -7 -6 -6 -6 -6 -6 -5 -4 -4 -3 -2 -1 ------- Run | Yrd Mat Min Exi Min Mat Fac Was Fac Gar Fac Ext Cet Arc Hub Fac Fac DSF Res Res Acc Slots Evolved 18 | . . . . . 4 2 . . . 2 . . . . 2 2 . 2 2 2 Power . | . . . . . . . . . . . . . . . . . . . . . Propulsion 2 | . . . . . 1 1 . . . . . . . . . . . . . . Utility 14 | . . . . . 2 . . . . 2 . . . . 2 2 . 2 2 2 Weapon 2 | . . . . . 1 1 . . . . . . . . . . . . . . Parts Attached 199 | 7 13 2 . 8 25 7 2 13 24 9 7 1 . 1 14 . 7 28 16 15 Power 18 | 1 2 . . 1 4 1 . . 2 . 1 . . . . . . 2 . 4 Engine 8 | 1 2 . . 1 2 . . . 1 . . . . . . . . . . 1 Core 4 | . . . . . 2 1 . . . . 1 . . . . . . . . . Reactor 6 | . . . . . . . . . 1 . . . . . . . . 2 . 3 Propulsion 49 | 2 2 1 . 1 6 1 2 . 7 2 3 1 . . 4 . 4 7 5 1 Treads 20 | 2 2 . . . 5 1 2 . 4 . 3 1 . . . . . . . . Leg 3 | . . . . . . . . . 3 . . . . . . . . . . . Wheel 7 | . . 1 . 1 1 . . . . 2 . . . . 2 . . . . . Hover 1 | . . . . . . . . . . . . . . . 1 . . . . . Flight 18 | . . . . . . . . . . . . . . . 1 . 4 7 5 1 Utility 80 | 2 4 . . 3 6 2 . 5 8 7 2 . . 1 7 . 3 13 9 8 Device 29 | 1 . . . 2 2 1 . 1 4 2 . . . . 2 . 1 6 4 3 Storage 4 | 1 2 . . . 1 . . . . . . . . . . . . . . . Processor 17 | . . . . . 1 . . . 1 . . . . . 3 . . 5 5 2 Hackware 17 | . . . . . . . . . 2 4 1 . . 1 2 . 2 2 . 3 Protection 13 | . 2 . . 1 2 1 . 4 1 1 1 . . . . . . . . . Artifact . | . . . . . . . . . . . . . . . . . . . . . Weapon 52 | 2 5 1 . 3 9 3 . 8 7 . 1 . . . 3 . . 6 2 2 Energy Gun 2 | 1 . . . . . . . . . . . . . . 1 . . . . . Energy Cannon 2 | . . . . . 1 . . . . . . . . . . . . 1 . . Ballistic Gun 18 | 1 2 . . . 3 1 . 7 2 . . . . . . . . 2 . . Ballistic Cannon 10 | . 1 . . 2 2 1 . 1 2 . . . . . . . . . . 1 Launcher 10 | . . 1 . 1 2 . . . 1 . 1 . . . 2 . . . 1 1 Special Weapon 1 | . . . . . . . . . 1 . . . . . . . . . . . Impact Weapon 3 | . 1 . . . 1 1 . . . . . . . . . . . . . . Slashing Weapon 4 | . 1 . . . . . . . 1 . . . . . . . . 2 . . Piercing Weapon 2 | . . . . . . . . . . . . . . . . . . 1 1 . Special Melee Weapon . | . . . . . . . . . . . . . . . . . . . . . Unidentified Prototypes 15 | . . . . 1 1 . . . 1 . . . . . 2 . . 9 1 . Corrupted Parts 1 | . . . . . . . . . . . . . . . 1 . . . . . System Corruption 1 | . . . . . . . . . . . . . . . 1 . . . . . Parts Lost 83 | . 3 . . 1 8 1 . 2 14 . 4 . 1 10 3 . 4 10 14 8 Power 7 | . 1 . . 1 1 . . . 2 . . . . 1 . . . . . 1 Propulsion 27 | . . . . . 3 . . . 4 . 2 . . 5 . . 2 4 4 3 Utility 31 | . 1 . . . 3 . . 2 3 . . . 1 1 2 . 1 4 9 4 Weapon 18 | . 1 . . . 1 1 . . 5 . 2 . . 3 1 . 1 2 1 . Highest Loss Streak 6 | . 2 . . 1 5 1 . 2 5 . 1 . 1 5 3 . 3 5 5 6 To Critical Strikes 1 | . . . . . . . . . 1 . . . . . . . . . . . Average Backups 18 | 5 17 25 25 24 24 24 22 20 19 21 20 22 22 20 16 4 4 4 4 4 Power 2 | . . 1 1 . 2 3 3 2 2 2 3 4 4 4 3 . . . 1 . Propulsion 1 | 3 5 5 5 5 3 3 2 2 . . . 1 1 . . . . . 1 . Utility 8 | . 7 7 7 8 4 6 7 9 10 13 12 14 14 13 11 1 . . . . Weapon 6 | 1 3 11 11 11 13 12 9 7 6 5 4 2 2 2 1 2 2 2 1 2 Tool/Special . | . . . . . . . . . . . . . . . . . . . . . Unused Backups 47 | 1 9 . 1 . 1 2 6 2 7 . 1 . . . 8 . . 3 3 3 Power 14 | . 1 . . . . 1 2 1 5 . 1 . . . 3 . . . . . Propulsion 9 | 1 2 . . . . . 2 . . . . . . . . . . 2 2 . Utility 15 | . 5 . . . 1 . 2 1 1 . . . . . 5 . . . . . Weapon 7 | . 1 . 1 . . 1 . . 1 . . . . . . . . 1 . 2 Tool/Special 2 | . . . . . . . . . . . . . . . . . . . 1 1 Average Slot Usage (%) 86 | . 99 100 100 100 96 96 88 84 86 90 88 100 94 95 45 52 58 72 76 79 Engine 4 | . 14 14 14 14 7 4 . . 3 6 1 . . . . . . . . 2 Core 2 | . . . . . 1 2 7 7 1 . 4 6 6 6 . . . . . . Treads 14 | . 28 14 14 15 20 29 19 15 15 13 15 26 26 23 . . . . . . Leg 1 | . . . . . . . . . 7 11 . . . . . . . . . . Wheel 2 | . . 13 14 12 5 . . . . 1 6 . . . . . . . . . Flight 1 | . . . . . . . . . . . . . . . . 5 11 12 15 10 Device 5 | . 4 . . 1 6 12 7 10 7 7 1 . . . . 10 8 11 14 18 Storage 8 | . 14 14 14 14 13 15 15 9 6 6 6 6 6 6 4 . . . . . Processor 5 | . . . . . 4 1 . . 4 6 6 6 6 6 . 15 15 20 26 31 Hackware 7 | . . . . . . . . . 3 14 16 20 20 24 18 15 20 19 10 11 Protection 5 | . 9 14 14 12 8 . 7 9 5 1 6 6 . . 3 . . . . . Ballistic Gun 8 | . 17 14 14 5 17 13 . 8 16 4 . . . . . . . 2 . . Ballistic Cannon 6 | . 3 7 14 18 5 13 30 19 3 8 3 5 4 3 . . . . . . Launcher 1 | . . 6 . 3 . . . . 1 . 1 12 13 7 . . . . . . Special Weapon 1 | . . . . . . . . . 2 4 5 1 1 3 . . . . . . Impact Weapon 2 | . 1 . . . . . . 1 . 1 7 6 6 6 9 5 1 . . . Peak Build Rating 144 | 9 12 11 12 21 32 40 55 67 78 62 64 61 61 62 62 49 71 144 142 137 Average Rating 48 | 6 9 11 11 13 26 36 49 57 54 55 53 61 58 59 45 49 56 103 126 122 On Entrance 46 | . 9 12 11 12 14 32 36 55 66 48 53 61 61 58 34 49 49 66 136 105 Avg Prop Armor Cover (%) 9 | . . 9 9 9 9 . . 9 5 8 16 . . 16 1 . 15 8 4 . Naked Turns . | . . . . . . . . . . . . . . . . . . . . . Heaviest Build 136 | 15 95 91 91 96 108 119 119 121 124 125 125 118 115 115 136 5 5 31 30 29 Greatest Support 140 | 40 40 16 16 40 62 90 140 140 140 40 85 85 85 85 20 7 18 32 32 27 Greatest Overweight (x) 43 | 3 2 5 5 5 6 1 1 1 11 12 12 1 1 28 43 . 1 . 5 4 Average Overweight (x) 1 | . 1 5 5 4 2 1 . . 1 3 9 1 1 2 6 . . . . . Largest Inventory Capacity 25 | 8 25 25 25 25 25 25 25 25 25 25 25 25 25 25 25 5 5 5 5 5 Average Capacity 21 | 7 19 25 25 25 25 25 25 25 24 25 25 25 25 25 23 5 5 5 5 5 Most Carried 25 | 8 25 25 25 25 25 25 25 25 25 25 25 25 25 25 22 5 5 5 5 5 Average Carried 20 | 5 17 25 24 24 24 24 24 24 23 24 23 25 25 23 17 5 4 4 4 4 Final Capacity 25 | 8 25 25 25 25 25 25 25 25 25 25 25 25 25 25 5 5 5 5 5 5 Final Carried 25 | 8 25 25 25 25 25 25 25 23 25 23 25 25 25 22 5 5 5 5 5 4 Class Distribution -------------------- 20% | Mutant 14% | Hacker-Mutant 12% | Tank 12% | Bothacker-Skirmisher 8% | Scavenger-Skirmisher 7% | Skirmisher 6% | Scavenger-Tank 4% | Commander-Mutant 3% | Commander-Skirmisher Dominant Class ---------------- Mutant | -10/Materials Mutant | -10/Mines Mutant | -10/Exiles Mutant | -9/Mines Skirmisher | -8/Materials Skirmisher | -7/Factory Tank | -7/Waste Tank | -7/Factory Scavenger-Skirmisher | -7/Garrison Bothacker-Skirmisher | -6/Factory Commander-Mutant | -6/Extension Bothacker-Skirmisher | -6/Cetus Bothacker-Skirmisher | -6/Archives Commander-Skirmisher | -6/Hub_04(d) Hacker-Mutant | -5/Factory Hacker-Scout | -4/Factory Hacker-Scout | -4/DSF Hacker-Mutant | -3/Research Hacker-Sprinter | -2/Research Hacker-Sprinter | -1/Access Resources | -11 -10 -10 -10 -9 -8 -7 -7 -7 -7 -6 -6 -6 -6 -6 -5 -4 -4 -3 -2 -1 ----------- Run | Yrd Mat Min Exi Min Mat Fac Was Fac Gar Fac Ext Cet Arc Hub Fac Fac DSF Res Res Acc Matter Collected 7213 | 288 435 116 . 156 642 535 388 712 1346 807 387 173 10 92 118 . 12 695 186 115 Remotely . | . . . . . . . . . . . . . . . . . . . . . Salvage Created 7594 | 138 523 124 . 147 759 408 . 835 1180 637 472 92 . 330 570 . . 493 478 408 Parts 387 | 9 38 16 . 11 48 20 . 52 61 10 18 2 . 15 8 . . 23 24 32 Haulers Intercepted 7 | . 1 . . . 1 . . 2 . . . . . . . . . 1 1 1 Recyclers Shooed 9 | . 3 . . . . 1 . 1 . 3 . . . . . . . . . 1 Parts Field Recycled . | . . . . . . . . . . . . . . . . . . . . . Retrieved Matter . | . . . . . . . . . . . . . . . . . . . . . Parts Self-Destructed . | . . . . . . . . . . . . . . . . . . . . . Prevented . | . . . . . . . . . . . . . . . . . . . . . Parts Restored . | . . . . . . . . . . . . . . . . . . . . . Kills | -11 -10 -10 -10 -9 -8 -7 -7 -7 -7 -6 -6 -6 -6 -6 -5 -4 -4 -3 -2 -1 ------- Run | Yrd Mat Min Exi Min Mat Fac Was Fac Gar Fac Ext Cet Arc Hub Fac Fac DSF Res Res Acc Combat Hostiles Destroyed 133 | . 10 5 . 5 22 7 . 15 32 2 4 2 . 1 4 . . 6 7 11 Melee 12 | . 5 . . . . 1 . . . 1 1 . . . 3 . . . 1 . Guns 45 | . 5 . . . 9 1 . 11 17 . . . . . . . . 2 . . Cannons 22 | . . 2 . 2 1 5 . 1 3 1 1 . . 1 . . . 1 2 2 AOE 52 | . . 3 . 3 12 . . 3 12 . . 2 . . 1 . . 3 4 9 Classes Destroyed 16 | 2 6 . . 1 3 1 . . 3 . . . . . . . . . . . Worker 23 | . 3 . . 1 . 2 . 2 . 6 1 . . . 2 . . 4 . 2 Builder 14 | . 2 . . . 1 . . 1 . 1 1 . . 2 1 . . . 4 1 Tunneler 8 | 2 . 2 . 1 . . . . . . 2 . . . 1 . . . . . Hauler 7 | . 1 . . . 1 . . 2 . . . . . . . . . 1 1 1 Recycler 16 | 1 . 1 . . 1 2 . . . 4 2 . . 1 3 . . . 1 . Operator 6 | . . . . . 1 1 . . . . 1 . . . . . . 2 . 1 Watcher 6 | . 3 . . . . . . . . . . 2 . . . . . . 1 . Swarmer 30 | . 3 5 . . 7 . . 2 . . . . . . . . . 4 5 4 Grunt 50 | . 7 . . 3 9 3 . 4 22 . 2 . . . . . . . . . Duelist 1 | . . . . . . . . . 1 . . . . . . . . . . . Sentry 21 | . . . . . 5 1 . 7 3 . 2 . . 1 . . . 2 . . Demolisher 2 | . . . . 2 . . . . . . . . . . . . . . . . Hunter 4 | . . . . . 1 2 . . 1 . . . . . . . . . . . Programmer 22 | . . . . . . 1 . 2 4 2 . . . . 4 . . . 2 7 Heavy 1 | . . . . . . . . . 1 . . . . . . . . . . . Cetus Guard 2 | . . . . . . . . . . . . 2 . . . . . . . . Enhanced Grunt 1 | . . . . . . . . . . . . . . 1 . . . . . . Savage 1 | . . . . . . . . . 1 . . . . . . . . . . . Best Kill Streak 10 | 3 3 5 . 3 9 4 . 5 6 5 5 3 . 2 2 . . 7 10 7 Combat Bots Only 8 | . 3 3 . 3 8 2 . 3 6 1 1 2 . 1 2 . . 4 5 5 Max Kills in Single Turn 6 | 1 1 5 . 2 2 2 . 3 3 1 4 2 . 1 1 . . 6 5 3 Gunslinging . | . . . . . . . . . . . . . . . . . . . . . Exploded 4 | . . 3 . 2 2 . . 2 3 . . 2 . . 1 . . 3 4 3 Melee 1 | . 1 . . . . 1 . . . 1 1 . . . 1 . . . 1 . Uniques/NPCs Destroyed . | . . . . . . . . . . . . . . . . . . . . . Combat | -11 -10 -10 -10 -9 -8 -7 -7 -7 -7 -6 -6 -6 -6 -6 -5 -4 -4 -3 -2 -1 -------- Run | Yrd Mat Min Exi Min Mat Fac Was Fac Gar Fac Ext Cet Arc Hub Fac Fac DSF Res Res Acc Hostile Shots Fired 1588 | . 89 12 . 7 114 88 . 237 290 13 149 19 2 21 90 . 213 86 94 64 Missed 540 | . 20 5 . . 21 24 . 71 79 4 36 9 . 7 26 . 143 43 27 25 Hits 1048 | . 69 7 . 7 93 64 . 166 211 9 113 10 2 14 64 . 70 43 67 39 Projectile 1048 | . 69 7 . 7 93 64 . 166 211 9 113 10 2 14 64 . 70 43 67 39 AOE 9 | . . . . 7 . . . . . . 1 . . . . . . . . 1 Critical Strikes 37 | . 3 . . . 1 2 . 1 3 . 2 3 1 3 7 . . 3 3 5 Actively Blocked 11 | . . . . . . . . . . . . . . . . . . 3 3 5 Part Disruptions 3 | . . . . . 1 . . 2 . . . . . . . . . . . . Damage Taken 14062 | . 858 52 . 238 1532 545 . 1400 2203 154 1139 327 70 646 427 . 861 975 1468 1167 Core 3202 | . 135 8 . 14 148 72 . 166 174 35 100 55 . 171 127 . 569 476 462 490 Absorbed by Shields 739 | . . . . . . . . . 546 . 183 . . . . . 10 . . . Ignored by Resistances 869 | . . . . . . . . . . . . . . . 869 . . . . . Regen/Repaired (Parts) 116 | . . . . . . 116 . . . . . . . . . . . . . . Core Remaining (%) 64 | 100 . . . 37 73 . . . 41 . . . . 57 87 . 50 63 68 69 Volleys Fired 468 | 6 64 12 . 9 51 29 . 44 79 31 39 11 . 13 1 . . 46 11 22 Largest 4 | 2 2 2 . 2 3 4 . 4 4 3 2 3 . 1 1 . . 1 1 1 Hottest 147 | 70 70 53 . 66 126 147 . 147 132 118 83 122 . 40 60 . . 113 113 58 Shots Fired 917 | 7 110 23 . 16 103 115 . 130 220 40 44 16 . 13 1 . . 46 11 22 Gun 549 | 7 110 11 . 1 78 27 . 91 177 6 2 . . . 1 . . 38 . . Cannon 235 | . . 11 . 13 10 88 . 37 24 9 7 6 . 3 . . . 7 7 13 Launcher 60 | . . 1 . 2 15 . . 2 17 . 3 6 . . . . . 1 4 9 Special 73 | . . . . . . . . . 2 25 32 4 . 10 . . . . . . Kinetic 761 | 6 106 22 . 14 85 115 . 128 201 15 9 6 . 3 . . . 38 . 13 Thermal 22 | 1 4 . . . 3 . . . . . . . . . . . . 7 7 . Explosive 60 | . . 1 . 2 15 . . 2 17 . 3 6 . . . . . 1 4 9 Electromagnetic 1 | . . . . . . . . . . . . . . . 1 . . . . . Robot Hit Streak 24 | 5 10 5 . 4 10 14 . 24 22 9 10 4 . 3 4 . . 8 5 8 Robot Miss Streak 6 | 1 5 3 . 3 6 5 . 4 2 2 2 3 . 2 . . . 1 3 2 Penetration Max 1 | . . . . . . . . . . . 1 . . . . . . . . . Secondary Targets 7 | . . . . . 3 . . 2 2 . . . . . . . . . . . Max Gunslinging Chain 1 | . . . . . 1 . . 1 1 . . . . . . . . . . . Shots Hit Robots 690 | 5 92 13 . 9 63 59 . 86 148 44 48 10 . 12 32 . . 35 13 21 Core Hits 349 | 4 34 10 . 11 49 21 . 37 77 6 17 16 . 2 3 . . 18 17 27 Critical Kills 8 | . 1 . . . . 1 . . 2 . 1 . . . . . . 3 . . Critical Parts Destroyed 23 | . 1 . . . . . . . 3 1 5 1 . . 10 . . 2 . . Critical Strikes 43 | . 2 1 . . . 3 . . 6 1 8 1 . . 10 . . 8 1 2 Destroy 14 | . . . . . . 1 . . 5 . . . . . . . . 8 . . Blast 7 | . . 1 . . . 2 . . 1 . 1 . . . . . . . . 2 Smash 21 | . 2 . . . . . . . . 1 7 1 . . 10 . . . . . Sever 1 | . . . . . . . . . . . . . . . . . . . 1 . Melee Attacks 215 | . 25 . . . 2 1 . 14 2 12 24 2 . 7 45 . 3 8 40 30 Impact 107 | . 7 . . . 2 1 . 14 . 12 23 2 . . 43 . 3 . . . Slashing 103 | . 18 . . . . . . . 2 . 1 . . 7 2 . . 4 39 30 Piercing 5 | . . . . . . . . . . . . . . . . . . 4 1 . Sneak Attacks 32 | . 6 . . . . . . 1 . 10 1 . . 3 6 . . . 3 2 Combat Hostiles . | . . . . . . . . . . . . . . . . . . . . . Follow-up Attacks 9 | . . . . . . . . . . . 3 . . . 6 . . . . . Damage Inflicted 24295 | 61 1403 427 . 319 2150 1216 . 2295 5041 1386 1509 852 . 538 1515 . . 964 2021 2598 Guns 6363 | 61 738 42 . . 702 361 . 1482 2548 120 38 . . . 22 . . 249 . . Cannons 3711 | . . 135 . 182 64 842 . 370 507 496 168 148 . 29 . . . 42 245 483 Explosions 8734 | . . 250 . 137 1384 . . 335 1986 . 597 663 . 159 . . . 447 1150 1626 Melee 5345 | . 659 . . . . . . 78 . 755 670 41 . 315 1493 . . 226 619 489 Ramming 142 | . 6 . . . . 13 . 30 . 15 36 . . 35 . . . . 7 . Kinetic 9695 | 61 714 177 . 182 720 1203 . 1852 3055 616 206 148 . 29 . . . 249 . 483 Thermal 569 | . 24 . . . 46 . . 212 . . . . . . . . . 42 245 . Explosive 8363 | . . 250 . 137 1384 . . 123 1986 . 597 663 . . . . . 447 1150 1626 Electromagnetic 181 | . . . . . . . . . . . . . . 159 22 . . . . . Impact 3310 | . 329 . . . . . . 78 . 755 643 41 . . 1464 . . . . . Slashing 1809 | . 330 . . . . . . . . . 27 . . 315 29 . . . 619 489 Piercing 226 | . . . . . . . . . . . . . . . . . . 226 . . Highest Corruption 7 | . . . . . . . . 1 4 . 1 1 1 7 7 . . 1 . . Average Corruption 3 | . . . . . . . . 1 3 . 1 1 1 1 4 . . 1 . . Corruption Purged . | . . . . . . . . . . . . . . . . . . . . . Corruption Blocked . | . . . . . . . . . . . . . . . . . . . . . Effects 117 | . . . . . . . . 9 72 . . 5 1 3 27 . . . . . Message Errors 29 | . . . . . . . . 2 16 . . 1 1 1 8 . . . . . Matter Fused 29 | . . . . . . . . 3 20 . . . . . 6 . . . . . Heat Flow Errors 14 | . . . . . . . . 1 9 . . . . 1 3 . . . . . Energy Discharges 16 | . . . . . . . . . 9 . . 1 . 1 5 . . . . . Parts Fused 1 | . . . . . . . . . . . . 1 . . . . . . . . Data Loss (minor) 15 | . . . . . . . . . 11 . . . . . 4 . . . . . Data Loss (major) 4 | . . . . . . . . . 3 . . . . . 1 . . . . . Misfires 7 | . . . . . . . . 2 4 . . 1 . . . . . . . . Alerts 1 | . . . . . . . . . . . . 1 . . . . . . . . Weapon Failures 1 | . . . . . . . . 1 . . . . . . . . . . . . Overload Shots . | . . . . . . . . . . . . . . . . . . . . . Overflow Damage 2287 | . 146 2 . . 44 7 . 117 25 341 252 41 . 145 798 . . 18 187 164 Projectiles 219 | . . 2 . . . 7 . 66 . 104 . . . . . . . . . 40 Explosions 253 | . . . . . 44 . . 13 25 . 26 . . 68 . . . . 27 50 Melee 1815 | . 146 . . . . . . 38 . 237 226 41 . 77 798 . . 18 160 74 Knockbacks 43 | . 1 . . 1 . 10 . 3 . 8 1 . . . 12 . . . . 7 Impact 16 | . 1 . . . . . . 1 . 1 1 . . . 12 . . . . . Kinetic 25 | . . . . 1 . 10 . 2 . 5 . . . . . . . . . 7 Secondary 2 | . . . . . . . . . . 2 . . . . . . . . . . Self-Inflicted Damage 623 | . . . . . 217 . . . 114 . 15 . . 100 . . . . 3 174 Shots 12 | . . . . . 4 . . . 4 . . . . 1 . . . . . 3 Rammed 20 | . 3 . . . . 1 . 3 . 5 3 . . 4 . . . . 1 . Targets Rammed 23 | . 3 . . . . 2 . 3 . 6 3 . . 5 . . . . 1 . Kicked . | . . . . . . . . . . . . . . . . . . . . . Crushed 3 | . . . . . . 1 . . . 1 . . . 1 . . . . . . Highest Temperature 347 | 9 46 40 . 48 347 330 . 308 345 45 53 39 . 178 247 . . 84 86 . Average Temperature 83 | 6 11 15 . 18 127 99 . 94 99 23 23 16 . 97 93 . . 35 37 . Received Heat Transfer 2473 | . 447 . . . 414 168 . 306 612 36 331 36 . 45 9 . . 60 9 . Effects 9 | . . . . . 5 1 . . 2 . . . . . 1 . . . . . Shutdowns 1 | . . . . . 1 . . . . . . . . . . . . . . . Energy Bleed 5 | . . . . . 1 1 . . 2 . . . . . 1 . . . . . Interference 3 | . . . . . 3 . . . . . . . . . . . . . . . Siege Activations . | . . . . . . . . . . . . . . . . . . . . . Martial Activations . | . . . . . . . . . . . . . . . . . . . . . Shielding Activations . | . . . . . . . . . . . . . . . . . . . . . Robots Disrupted . | . . . . . . . . . . . . . . . . . . . . . Combat Hostiles . | . . . . . . . . . . . . . . . . . . . . . Robots Corrupted 16 | . 1 . . . . . . . . 6 3 . . 1 5 . . . . . Combat Hostiles 2 | . . . . . . . . . . . 2 . . . . . . . . . Parts Fried 34 | . 1 . . . . . . . . 17 4 1 . 2 9 . . . . . Impact Corruptions 58 | . 4 . . . . . . 1 . 11 9 2 . 1 30 . . . . . Robots Melted . | . . . . . . . . . . . . . . . . . . . . . Combat Hostiles . | . . . . . . . . . . . . . . . . . . . . . Parts Melted . | . . . . . . . . . . . . . . . . . . . . . Heat Transferred 620 | . 74 . . . 74 . . 250 . . . . . . . . . 37 185 . Parts Sabotaged . | . . . . . . . . . . . . . . . . . . . . . Parts Stolen . | . . . . . . . . . . . . . . . . . . . . . Parts Stripped . | . . . . . . . . . . . . . . . . . . . . . Power Chain Reactions . | . . . . . . . . . . . . . . . . . . . . . Alert | -11 -10 -10 -10 -9 -8 -7 -7 -7 -7 -6 -6 -6 -6 -6 -5 -4 -4 -3 -2 -1 ------- Run | Yrd Mat Min Exi Min Mat Fac Was Fac Gar Fac Ext Cet Arc Hub Fac Fac DSF Res Res Acc Maximum Alert Level 5 | . . . . . 2 . . 1 5 4 2 1 . 2 1 . . 1 1 2 Low Security (%) 61 | 100 100 100 . 100 54 100 100 77 . . 36 59 100 64 90 100 100 95 73 76 Level 1 13 | . . . . . 35 . . 22 2 . 59 40 . 3 9 . . 4 26 21 Level 2 5 | . . . . . 9 . . . 18 . 4 . . 31 . . . . . 1 Level 3 3 | . . . . . . . . . 9 24 . . . . . . . . . . Level 4 8 | . . . . . . . . . 25 75 . . . . . . . . . . Level 5 8 | . . . . . . . . . 43 . . . . . . . . . . . High Security . | . . . . . . . . . . . . . . . . . . . . . Max Security . | . . . . . . . . . . . . . . . . . . . . . Peak Influence 2751 | 5 106 93 . 71 424 94 28 381 2751 1444 421 271 197 643 283 41 32 210 251 512 Initial 1444 | . . 36 . . . . 28 . 264 1444 386 228 66 23 283 33 28 . 54 103 Average 401 | . 22 29 . 11 145 20 1 64 1468 1207 223 185 127 194 57 35 10 108 123 142 Influence Increases 9896 | 15 388 193 . 142 809 286 . 582 2667 195 883 352 161 904 244 8 4 624 720 719 Destroy 0b10 Robot/C 3480 | . 200 140 . 100 440 140 . 300 660 80 360 160 80 260 80 . . 120 140 220 Destroy 0b10 Robot/NC 440 | 15 45 15 . 10 20 25 . 25 5 55 50 10 . 35 35 . . 35 35 25 Destroy Leader 630 | . 58 20 . 20 112 50 . 82 30 30 44 . . 66 20 . . 32 24 42 Allied During Kill 857 | . . 6 . . . . . . 11 6 365 111 80 278 . . . . . . Successful Hack 426 | . 39 . . . 25 28 . 12 28 8 45 . . 14 . 8 . 85 47 87 Select Force Hacks 60 | . . . . . 60 . . . . . . . . . . . . . . . Disable Machine 420 | . . . . . 30 15 . 105 45 . . 15 . 150 15 . . . . 45 Anti-Garrison Action 1700 | . . . . . . . . . 1700 . . . . . . . . . . . Destroy Structure 968 | . 1 12 . 12 107 13 . 43 128 1 19 41 1 101 4 . 4 52 174 255 Partial Spotted 135 | . . . . . . 15 . . . . . . . . 45 . . 45 15 15 Lose Combat Pursuer 780 | . 45 . . . 15 . . 15 60 15 . 15 . . 45 . . 255 285 30 Influence Decreases 9384 | 15 295 286 . 142 809 204 82 204 294 2157 1263 595 260 392 754 36 45 526 646 379 Entered New Map 2718 | . . 57 . . . . 54 . 114 1307 403 181 100 44 296 36 13 . 44 69 Time Decay 4306 | 15 293 229 . 132 350 204 28 184 . 410 610 254 150 143 428 . . 440 206 230 Lost Part 762 | . . . . 10 80 . . 20 140 . 40 . 10 100 30 . 32 80 140 80 Lost Ally 511 | . . . . . . . . . 40 140 60 160 . 105 . . . 6 . . Purge Threat 1087 | . 2 . . . 379 . . . . 300 150 . . . . . . . 256 . Squads Dispatched 49 | . 1 . . . 5 7 . 7 . 2 3 . . 4 6 . 1 3 6 4 Investigation 7 | . . . . . 3 2 . . . . . . . . . . . 1 1 . Extermination 13 | . . . . . . 1 . 3 . 1 . . . 1 3 . . . 2 2 Reinforcement 24 | . 1 . . . 2 4 . 1 . 1 3 . . 3 1 . 1 2 3 2 Assault . | . . . . . . . . . . . . . . . . . . . . . Garrison 5 | . . . . . . . . 3 . . . . . . 2 . . . . . Intercept . | . . . . . . . . . . . . . . . . . . . . . Searches Triggered . | . . . . . . . . . . . . . . . . . . . . . Construction Impeded 7 | . . . . . 1 1 . 1 . . 1 . . 1 . . . . 1 1 Haulers Reinforced 2 | . . . . . . . . . . 1 . . . . . . . . 1 . Active Scanning Responses . | . . . . . . . . . . . . . . . . . . . . . Cargo Convoy Interrupts . | . . . . . . . . . . . . . . . . . . . . . Stealth | -11 -10 -10 -10 -9 -8 -7 -7 -7 -7 -6 -6 -6 -6 -6 -5 -4 -4 -3 -2 -1 --------- Run | Yrd Mat Min Exi Min Mat Fac Was Fac Gar Fac Ext Cet Arc Hub Fac Fac DSF Res Res Acc Distress Signals 26 | . . . . . 3 2 . 1 . . 3 2 . 2 . . . 9 2 2 Communications Jammed 5 | . . . . . . . . . . . . . . . . . . . 5 . Distress Signals . | . . . . . . . . . . . . . . . . . . . . . Times Spotted 318 | . 21 8 . 5 27 13 . 15 34 15 23 9 4 29 7 . 5 40 44 19 Peak Tracking Total 16 | . 4 3 . 3 6 3 . 3 6 4 4 5 2 6 2 . 5 16 15 8 Tactical Retreats 30 | . 2 . . . 1 . . 1 2 1 . 1 . . 3 . . 10 7 2 ECM-based Alert Blocks 1 | . . . . . . . . . . . . . . . . . . 1 . . Traps | -11 -10 -10 -10 -9 -8 -7 -7 -7 -7 -6 -6 -6 -6 -6 -5 -4 -4 -3 -2 -1 ------- Run | Yrd Mat Min Exi Min Mat Fac Was Fac Gar Fac Ext Cet Arc Hub Fac Fac DSF Res Res Acc Traps Triggered 18 | . 1 . . . 1 2 . 2 3 . 4 . . . . . 2 2 1 . Indirectly . | . . . . . . . . . . . . . . . . . . . . . Trap Hack Attempts . | . . . . . . . . . . . . . . . . . . . . . Triggered . | . . . . . . . . . . . . . . . . . . . . . Disarmed . | . . . . . . . . . . . . . . . . . . . . . Reprogrammed . | . . . . . . . . . . . . . . . . . . . . . Reused . | . . . . . . . . . . . . . . . . . . . . . Traps Extracted . | . . . . . . . . . . . . . . . . . . . . . Installed . | . . . . . . . . . . . . . . . . . . . . . Triggered . | . . . . . . . . . . . . . . . . . . . . . Objects Rigged 3 | . . . . 1 . . . . 2 . . . . . . . . . . . Exploded 2 | . . . . . . . . . 2 . . . . . . . . . . . Machines | -11 -10 -10 -10 -9 -8 -7 -7 -7 -7 -6 -6 -6 -6 -6 -5 -4 -4 -3 -2 -1 ---------- Run | Yrd Mat Min Exi Min Mat Fac Was Fac Gar Fac Ext Cet Arc Hub Fac Fac DSF Res Res Acc Machines Disabled 33 | . . . . . 2 1 . 7 8 . . 1 . 10 1 . . . . 3 Max in Single Turn 7 | . . . . . 1 1 . 4 2 . . 1 . 7 . . . . . 2 Garrison Access 7 | . . . . . . . . . . . . . . . . . . 4 1 2 Garrison Relay 3 | . . . . . . . . . 3 . . . . . . . . . . . Phase Generator 1 | . . . . . . . . . 1 . . . . . . . . . . . Network Hub 1 | . . . . . . . . . . . . . . 1 . . . . . . Machines Repaired . | . . . . . . . . . . . . . . . . . . . . . Machines Dismantled . | . . . . . . . . . . . . . . . . . . . . . Machines Sabotaged . | . . . . . . . . . . . . . . . . . . . . . Overloaded Fab Kills . | . . . . . . . . . . . . . . . . . . . . . Hacking | -11 -10 -10 -10 -9 -8 -7 -7 -7 -7 -6 -6 -6 -6 -6 -5 -4 -4 -3 -2 -1 --------- Run | Yrd Mat Min Exi Min Mat Fac Was Fac Gar Fac Ext Cet Arc Hub Fac Fac DSF Res Res Acc Machines Accessed 92 | . 7 . 2 . 8 3 . 8 4 3 17 1 1 3 . 2 . 13 11 9 Terminals 67 | . 7 . . . 6 2 . 4 4 1 16 1 . 3 . 2 . 6 8 7 Fabricators 4 | . . . . . . . . 1 . 1 . . . . . . . 2 . . Repair Stations 3 | . . . . . . 1 . . . 1 1 . . . . . . . . . Recycling Units 5 | . . . . . 2 . . 2 . . . . . . . . . 1 . . Scanalyzers 2 | . . . . . . . . . . . . . . . . . . . 2 . Garrison Access 8 | . . . . . . . . 1 . . . . . . . . . 4 1 2 Total Hacks 250 | . 23 . 2 . 29 6 . 13 11 15 34 1 1 8 . 19 . 40 28 20 Successful 85 | . 8 . 2 . 14 3 . 3 3 5 12 1 1 3 . 5 . 11 8 6 Failed 165 | . 15 . . . 15 3 . 10 8 10 22 . . 5 . 14 . 29 20 14 Catastrophic 46 | . 2 . . . 2 . . 2 2 1 6 . . 4 . 1 . 15 6 5 Database Lockouts . | . . . . . . . . . . . . . . . . . . . . . Manual 130 | . 13 . 1 . 23 2 . 10 4 10 11 1 . 7 . 12 . 16 13 7 Terminals 209 | . 23 . . . 27 5 . 7 11 8 33 1 . 8 . 19 . 25 24 18 Fabricators 11 | . . . . . . . . 1 . 4 . . . . . . . 6 . . Repair Stations 5 | . . . . . . 1 . . . 3 1 . . . . . . . . . Recycling Units 11 | . . . . . 2 . . 4 . . . . . . . . . 5 . . Scanalyzers 3 | . . . . . . . . . . . . . . . . . . . 3 . Garrison Access 8 | . . . . . . . . 1 . . . . . . . . . 4 1 2 Terminal Hacks 53 | . 6 . 2 . 9 1 . . 2 2 10 1 1 1 . 4 . 4 6 4 Record 4 | . . . 1 . . . . . . . . . 1 . . . . . . 2 Prototype ID Bank 10 | . 2 . . . 4 . . . . . 2 . . . . 1 . 1 . . Open Door 8 | . . . . . . . . . . . 6 1 . . . . . . . 1 Open DSF 2 | . . . . . . . . . . . . . . . . 1 . 1 . . Level Access Points 2 | . . . . . . . . . . . . . . . . . . . 1 1 Branch Access Points 4 | . 1 . . . 1 . . . . . . . . 1 . 1 . . . . Emergency Access Points 1 | . . . . . . . . . 1 . . . . . . . . . . . Terminal Index 3 | . 1 . . . . 1 . . . . . . . . . . . . 1 . Fabricator Index 1 | . . . . . . . . . . . . . . . . . . 1 . . Unreport Threat 9 | . 1 . . . 3 . . . . 2 1 . . . . . . . 2 . Locate Traps 1 | . . . . . . . . . . . . . . . . 1 . . . . Maintenance Status 1 | . . . . . . . . . . . . . . . . . . . 1 . Patrol Status 1 | . . . . . . . . . . . . . . . . . . . 1 . Zone Layout 4 | . 1 . . . 1 . . . . . 1 . . . . . . 1 . . Garrison Registry 1 | . . . . . . . . . 1 . . . . . . . . . . . Proto ID Catalog 1 | . . . 1 . . . . . . . . . . . . . . . . . Fabricator Hacks 1 | . . . . . . . . . . 1 . . . . . . . . . . Network Status 1 | . . . . . . . . . . 1 . . . . . . . . . . Repair Station Hacks 1 | . . . . . . . . . . 1 . . . . . . . . . . Scan Component 1 | . . . . . . . . . . 1 . . . . . . . . . . Recycling Unit Hacks 2 | . . . . . . . . 1 . . . . . . . . . 1 . . Report Inventory 2 | . . . . . . . . 1 . . . . . . . . . 1 . . Scanalyzer 1 | . . . . . . . . . . . . . . . . . . . 1 . Retrieve Study 1 | . . . . . . . . . . . . . . . . . . . 1 . Garrison Access Hacks 8 | . . . . . . . . 1 . . . . . . . . . 4 1 2 Unlock Access 1 | . . . . . . . . 1 . . . . . . . . . . . . Seal Access 7 | . . . . . . . . . . . . . . . . . . 4 1 2 Unauthorized Hacks 19 | . 2 . . . 5 2 . 1 1 1 2 . . 2 . 1 . 2 . . Terminals 13 | . 2 . . . 3 1 . . 1 . 2 . . 2 . 1 . 1 . . Assimilate 1 | . . . . . . . . . . . . . . . . . . 1 . . Botnet 12 | . 2 . . . 3 1 . . 1 . 2 . . 2 . 1 . . . . Fabricators 2 | . . . . . . . . . . 1 . . . . . . . 1 . . Fabnet 2 | . . . . . . . . . . 1 . . . . . . . 1 . . Repair Stations 1 | . . . . . . 1 . . . . . . . . . . . . . . Patch 1 | . . . . . . 1 . . . . . . . . . . . . . . Recycling Units 3 | . . . . . 2 . . 1 . . . . . . . . . . . . Recyclers 1 | . . . . . . . . 1 . . . . . . . . . . . . Tunnel 2 | . . . . . 2 . . . . . . . . . . . . . . . Scanalyzers . | . . . . . . . . . . . . . . . . . . . . . Garrison Access . | . . . . . . . . . . . . . . . . . . . . . Data Cores Recovered 1 | . . . . . . . . . . . . . . . . . . . . 1 Used . | . . . . . . . . . . . . . . . . . . . . . Hacking Detections 66 | . 6 . . . 6 2 . 7 4 3 12 . . 3 . 2 . 7 8 6 Full Trace Events 4 | . . . . . 1 . . . 2 . . . . . . . . . 1 . Feedback Events 1 | . . . . . . . . . . . . . . . . . . . 1 . Corruption 1 | . . . . . . . . . . . . . . . . . . . 1 . Feedback Blocked . | . . . . . . . . . . . . . . . . . . . . . Robot Schematics Acquired . | . . . . . . . . . . . . . . . . . . . . . Robots Built . | . . . . . . . . . . . . . . . . . . . . . Authchips . | . . . . . . . . . . . . . . . . . . . . . Time . | . . . . . . . . . . . . . . . . . . . . . Total Robot Build Rating . | . . . . . . . . . . . . . . . . . . . . . Part Schematics Acquired . | . . . . . . . . . . . . . . . . . . . . . Parts Built . | . . . . . . . . . . . . . . . . . . . . . Authchips . | . . . . . . . . . . . . . . . . . . . . . Time . | . . . . . . . . . . . . . . . . . . . . . Total Part Build Rating . | . . . . . . . . . . . . . . . . . . . . . Part Studies Acquired 1 | . . . . . . . . . . . . . . . . . . . 1 . Parts Repaired . | . . . . . . . . . . . . . . . . . . . . . Time . | . . . . . . . . . . . . . . . . . . . . . Parts Recycled . | . . . . . . . . . . . . . . . . . . . . . Recycled Matter . | . . . . . . . . . . . . . . . . . . . . . Retrieved Matter . | . . . . . . . . . . . . . . . . . . . . . Retrieved Components . | . . . . . . . . . . . . . . . . . . . . . Parts Scanalyzed . | . . . . . . . . . . . . . . . . . . . . . Part Schematics Acquired . | . . . . . . . . . . . . . . . . . . . . . Parts Damaged . | . . . . . . . . . . . . . . . . . . . . . Bothacking | -11 -10 -10 -10 -9 -8 -7 -7 -7 -7 -6 -6 -6 -6 -6 -5 -4 -4 -3 -2 -1 ------------ Run | Yrd Mat Min Exi Min Mat Fac Was Fac Gar Fac Ext Cet Arc Hub Fac Fac DSF Res Res Acc Used RIF Installer 2 | . . . . . . . . . 2 . . . . . . . . . . . Coupler Efficiency 1 | . . . . . . . . . 1 . . . . . . . . . . . Robots Hacked 24 | . . . . . . . . . 2 9 7 1 . 4 1 . . . . . Non-combat 4 | . . . . . . . . . . 1 2 . . 1 . . . . . . Combat 20 | . . . . . . . . . 2 8 5 1 . 3 1 . . . . . Robot Hacks Applied 29 | . . . . . . . . . 2 12 10 1 . 4 . . . . . . parse_system 9 | . . . . . . . . . . 1 5 1 . 2 . . . . . . no_distress 1 | . . . . . . . . . . 1 . . . . . . . . . . find_dsf 2 | . . . . . . . . . . 2 . . . . . . . . . . ignore_parts 1 | . . . . . . . . . . . 1 . . . . . . . . . reboot_system 1 | . . . . . . . . . . . 1 . . . . . . . . . overwrite_iff 1 | . . . . . . . . . . 1 . . . . . . . . . . formatsys_high 14 | . . . . . . . . . 2 7 3 . . 2 . . . . . . Relay Couplers Released 17 | . . . . . . . . . 11 . . . . . . . . 2 . 4 Machine Destruction 13 | . . . . . . . . . 11 . . . . . . . . 2 . . Programmers 4 | . . . . . . . . . . . . . . . . . . . . 4 Attached 8 | . . . . . . . . . 2 3 . . . 1 2 . . . . . Fabnet Peak Effective % 3 | . . . . . . . . . . . . . . . 3 1 1 . 3 1 Autooverrided 1 | . . . . . . . . . . . . . . . 1 . . . . . Robots Rewired 10 | . . . . . . . . . 3 . 7 . . . . . . . . . Allies Hacked 1 | . . . . . . . . . . 1 . . . . . . . . . . Hacks Repelled . | . . . . . . . . . . . . . . . . . . . . . Allies | -11 -10 -10 -10 -9 -8 -7 -7 -7 -7 -6 -6 -6 -6 -6 -5 -4 -4 -3 -2 -1 -------- Run | Yrd Mat Min Exi Min Mat Fac Was Fac Gar Fac Ext Cet Arc Hub Fac Fac DSF Res Res Acc Total Allies 44 | . . 2 . . . . . . 5 8 20 5 . 2 1 . . 1 . . Largest Group 17 | . . 2 2 . . . . . 3 2 17 10 6 6 1 . . 1 . . Highest-Rated Group 615 | . . 39 39 . . . . . 65 58 605 615 615 521 54 . . 26 . . Highest-Rated Ally 159 | . . 31 31 . . . . . 25 29 159 145 135 96 54 . . 26 . . Total Orders . | . . . . . . . . . . . . . . . . . . . . . Ally Attacks 329 | . . 6 . . . . . . 12 23 142 55 19 65 7 . . . . . Total Damage 9242 | . . 128 . . . . . . 361 367 3489 1432 802 2635 28 . . . . . Kills 50 | . . 2 . . . . . . 1 2 18 7 4 16 . . . . . . Allies Corrupted 5 | . . . . . . . . . . 1 3 . . 1 . . . . . . Allies Melted . | . . . . . . . . . . . . . . . . . . . . . Intel | -11 -10 -10 -10 -9 -8 -7 -7 -7 -7 -6 -6 -6 -6 -6 -5 -4 -4 -3 -2 -1 ------- Run | Yrd Mat Min Exi Min Mat Fac Was Fac Gar Fac Ext Cet Arc Hub Fac Fac DSF Res Res Acc Active Infowar (turns) 11602 | 61 649 . . 5 739 823 . 585 2166 992 1999 540 300 474 62 8 69 1397 354 379 Optics 8117 | . . . . . . . . . 2166 992 1999 540 300 474 62 8 69 1397 110 . Sensors 5 | . . . . 5 . . . . . . . . . . . . . . . . Terrain 3025 | 61 649 . . . 724 823 . 585 . . . . . . 60 8 23 . 92 . Structural 316 | . . . . . . . . . . . . . . . . . . . . 316 Traps 23 | . . . . . . . . . . . . . . . . . . 23 . . Seismic 387 | . . . . . 16 . . . . . . . . . . . . . . 371 T.N.C. 129 | . . . . . . . . . . . . . . . . . . 129 . . Jamming 349 | . . . . . . . . . . . . . . . . . 5 . 156 188 ECM 43 | . . . . . . . . . . . . . . . . . . 32 10 1 Robot Analysis Total . | . . . . . . . . . . . . . . . . . . . . . Derelict Logs Recovered 2 | . . 1 . 1 . . . . . . . . . . . . . . . . Drone Launches . | . . . . . . . . . . . . . . . . . . . . . Drone Recoveries . | . . . . . . . . . . . . . . . . . . . . . Exploration | -11 -10 -10 -10 -9 -8 -7 -7 -7 -7 -6 -6 -6 -6 -6 -5 -4 -4 -3 -2 -1 ------------- Run | Yrd Mat Min Exi Min Mat Fac Was Fac Gar Fac Ext Cet Arc Hub Fac Fac DSF Res Res Acc Turns Passed 21235 | 140 2129 643 821 577 1346 935 669 1646 3778 992 1999 540 300 482 1831 8 69 1397 448 485 Spaces Moved 12322 | 72 697 342 239 299 564 326 379 833 1292 277 721 213 124 177 314 18 89 3088 1076 1182 Core 102 | 10 . . . . . . . . . . . . . 1 41 . 12 9 3 26 Treads 4674 | 62 697 . . 9 289 326 379 833 1291 224 73 213 124 154 . . . . . . Legs 1 | . . . . . . . . . 1 . . . . . . . . . . . Wheels 1891 | . . 342 239 290 275 . . . . 53 648 . . 22 22 . . . . . Hover 33 | . . . . . . . . . . . . . . . 33 . . . . . Flight 5621 | . . . . . . . . . . . . . . . 218 18 77 3079 1073 1156 Fastest Speed 14 | 50 160 175 175 175 130 235 155 160 160 170 170 238 238 200 45 45 34 31 14 17 Average Speed 139 | 150 250 175 175 179 198 235 168 164 261 307 235 238 238 241 352 45 41 35 19 20 Slowest Speed 2200 | 200 320 175 175 320 312 236 236 240 890 405 405 238 238 1450 2200 45 100 50 300 250 Overloaded Moves . | . . . . . . . . . . . . . . . . . . . . . Propulsion Burnouts . | . . . . . . . . . . . . . . . . . . . . . Robots Hopped 61 | . . . . . . . . . . . . . . . . . 3 20 34 4 Potential Cave-ins . | . . . . . . . . . . . . . . . . . . . . . Cave-ins Triggered . | . . . . . . . . . . . . . . . . . . . . . Exploration Rate (%) 52 | 4 95 71 61 46 47 10 97 24 90 9 86 90 100 32 8 2 94 78 40 27 Regions Visited 20 Branch Regions 7 Pre-discovered Areas 4 | . . 1 1 . 2 . . . . . . . . . . . . . . . Known Exits Taken 5 | . 1 . . . . . . 1 . . . . . . . 1 . 1 1 . Unknown Exits Taken 11 | 1 . 1 1 1 1 . . . . 1 1 1 1 1 1 . . . . . Scrap Searched 2 | . . 1 . 1 . . . . . . . . . . . . . . . . Spaces Dug 100 | . 1 . . . 12 1 . 8 . . 1 . . . 2 . 2 10 43 20 Terrain Destroyed 901 | . 1 13 . 13 117 16 . 41 198 1 15 93 . 154 2 . 2 29 59 147 Melee 69 | . 1 . . . 2 1 . 8 . . 1 . . . 2 . 2 4 28 20 Projectile 51 | . . . . 1 2 15 . 2 12 1 2 3 . . . . . 7 2 4 AOE 780 | . . 13 . 12 113 . . 31 186 . 12 90 . 154 . . . 17 29 123 Terrain Rammed . | . . . . . . . . . . . . . . . . . . . . . Walls Destroyed . | . . . . . . . . . . . . . . . . . . . . . Machines Disabled . | . . . . . . . . . . . . . . . . . . . . . Actions | -11 -10 -10 -10 -9 -8 -7 -7 -7 -7 -6 -6 -6 -6 -6 -5 -4 -4 -3 -2 -1 --------- Run | Yrd Mat Min Exi Min Mat Fac Was Fac Gar Fac Ext Cet Arc Hub Fac Fac DSF Res Res Acc Total 15284 | 96 932 364 643 321 717 423 424 995 1536 351 948 229 129 217 959 17 108 3315 1207 1353 Wait 1655 | . 91 5 403 . 46 41 . 61 19 7 108 . 5 11 565 . 1 121 83 88 Move 12192 | 71 696 341 238 298 563 326 378 833 1291 276 720 212 123 176 313 17 82 3047 1018 1173 Hop 51 | . . . . . . . . . . . . . . . . . 3 20 24 4 Pick Up 148 | 11 25 1 1 2 10 6 11 9 41 3 5 . . . 6 . 1 7 5 4 Fast Attach 104 | 5 1 . . . 5 3 2 1 10 2 3 . . . 14 . 7 29 13 9 Attach 62 | 2 3 . . 1 10 1 . 2 12 2 4 . . 3 4 . . 7 4 7 Detach 29 | . . . . . 1 1 . . 3 . . . . . 4 . . 11 2 7 Swap 108 | . 12 4 . 9 21 7 . 13 16 9 7 3 1 2 . . . 1 1 2 Drop 129 | 1 12 1 1 1 8 6 19 15 13 3 2 1 . . 13 . 1 18 7 7 Fire 468 | 6 64 12 . 9 51 29 . 44 79 31 39 11 . 13 1 . . 46 11 22 Melee 203 | . 25 . . . 2 1 . 14 2 12 19 2 . 7 39 . 3 8 39 30 Ram 1 | . . . . . . . . . . . 1 . . . . . . . . . Kick . | . . . . . . . . . . . . . . . . . . . . . Crush 21 | . 3 . . . . 2 . 3 . 6 2 . . 5 . . . . . . Escape Stasis 40 | . . . . . . . . . 6 . 24 . . . . . 10 . . . Rewire 70 | . . . . . . . 14 . 42 . 14 . . . . . . . . . Trap 3 | . . . . 1 . . . . 2 . . . . . . . . . . . Miscellaneous . | . . . . . . . . . . . . . . . . . . . . . Route ------- -11/Scrapyard -10/Materials (discovered 4 exits: [*Mat x3] / *Min) -10/Mines (discovered 3 exits: [*Mat x2] / *Exi) -10/Exiles (discovered 2 exits: [*Min x2]) -9/Mines -8/Materials (discovered 2 exits: *Fac x2) -7/Factory -7/Waste -7/Factory -7/Garrison (discovered 3 exits: *Fac x3) -6/Factory -6/Extension (discovered 2 exits: [*Fac] / *Cet) -6/Cetus (discovered 2 exits: [*Fac] / *Arc) -6/Archives (discovered 3 exits: [*Fac] / *Hub x2) -6/Hub_04(d) -5/Factory -4/Factory (discovered 4 exits: Upp x2 / Arm / DSF) -4/DSF -3/Research (discovered 2 exits: *Res / *Qua) -2/Research (discovered 4 exits: *Acc x3 / *Tes) -1/Access To Epsilon Eridani History --------- Turn | Location | Event 18 | -11/Scrapyard | Discovered new exit (range 15) 141 | -11/Scrapyard | Entered Materials 201 | -10/Materials | Identified exit to Mines 310 | -10/Materials | Build established: Mutant 318 | -10/Materials | Discovered new exit (range 3) 651 | -10/Materials | Discovered new exit (range 10) 970 | -10/Materials | Discovered new exit (range 3) 2044 | -10/Materials | Core integrity fell below 50% 2270 | -10/Materials | Entered Mines 2334 | -10/Mines | Discovered new exit (range 15) 2408 | -10/Mines | Received a Rocket Launcher from a helpful Derelict 2486 | -10/Mines | Learned location of Zion (-6) 2658 | -10/Mines | Discovered new exit (range 9) 2897 | -10/Mines | Deemed a non-threat by the Exiles lab entrance 2899 | -10/Mines | Discovered new exit (range 5) 2913 | -10/Mines | Entered Exiles 2913 | -10/Exiles | Accompanied by 2 allies 2936 | -10/Exiles | Discovered new exit (range 15) 2943 | -10/Exiles | Led the pair of lost Derelicts to a safe place 2957 | -10/Exiles | Met 8R-AWN 2987 | -10/Exiles | Met EX-HEX 3032 | -10/Exiles | Met EX-BIN 3053 | -10/Exiles | Aligned with FarCom system 3055 | -10/Exiles | Given EX-Vault access code 3097 | -10/Exiles | Opened EX-Vault 3114 | -10/Exiles | Found PSU Rigger 3149 | -10/Exiles | Warned to stay clear of 0b10 Research branches 3170 | -10/Exiles | Exiles lab attacked by MAIN.C 3322 | -10/Exiles | Discovered new exit (range 14) 3734 | -10/Exiles | Left Exiles lab with PSU Rigger 3734 | -10/Exiles | Entered Mines 3782 | -9/Mines | Learned Materials emergency access door positions 3918 | -9/Mines | Assembled infested the area 3923 | -9/Mines | Assisted by a Guerilla fighting off Assembled 4087 | -9/Mines | Discovered new exit (range 3) 4233 | -9/Mines | Found a damaged Exp. Sensor Array with a note attached 4236 | -9/Mines | Found Prototype Device 4236 | -9/Mines | Identified Exp. Sensor Array 4311 | -9/Mines | Entered Materials 4311 | -8/Materials | Evolved 4 slots: Propulsion x1, Utility x2, Weapon x1 4824 | -8/Materials | Build established: Tank 4873 | -8/Materials | Lost 5 parts (1p1n2u1w) 4875 | -8/Materials | Destroyed 7 combat bots 4981 | -8/Materials | Destroyed 8 combat bots 4984 | -8/Materials | Lost 3 parts (2n1u) 5086 | -8/Materials | Discovered new exit (range 16) 5132 | -8/Materials | Build established: Scavenger-Skirmisher 5270 | -8/Materials | Discovered new exit (range 16) 5627 | -8/Materials | Build established: Skirmisher 5657 | -8/Materials | Entered Factory 5657 | -7/Factory | Evolved 2 slots: Propulsion x1, Weapon x1 6592 | -7/Factory | Sucked down chute 6592 | -7/Factory | Entered Waste 6592 | -7/Waste | The area was eerily silent 6865 | -7/Waste | Discovered new exit (range 15) 6891 | -7/Waste | Found Damper Plating 7029 | -7/Waste | Build established: Tank 7261 | -7/Waste | Entered Factory 8446 | -7/Factory | Build established: Assassin 8907 | -7/Factory | Identified exit to Garrison 8907 | -7/Factory | Entered Garrison 8981 | -7/Garrison | Triggered checkpoint 9262 | -7/Garrison | Build established: Tank 9661 | -7/Garrison | Triggered checkpoint 9748 | -7/Garrison | Triggered checkpoint 9837 | -7/Garrison | Triggered checkpoint 9981 | -7/Garrison | Discovered new exit (range 10) 9994 | -7/Garrison | Build established: Scavenger-Tank 10010 | -7/Garrison | Phase Generator disabled 10221 | -7/Garrison | Triggered checkpoint 10297 | -7/Garrison | Heavy support dispatched to Factory 10364 | -7/Garrison | Lost 5 parts (3u2w) 10458 | -7/Garrison | Found Prototype Device 10458 | -7/Garrison | Identified Active Sensor Suite 10627 | -7/Garrison | Garrison Relay disabled 10735 | -7/Garrison | Discovered new exit (range 56) 10735 | -7/Garrison | Discovered new exit (range 19) 10735 | -7/Garrison | Discovered new exit (range 46) 10881 | -7/Garrison | Triggered checkpoint 10890 | -7/Garrison | Core integrity fell below 50% 10930 | -7/Garrison | Lost 4 parts (1p1n2w) 10968 | -7/Garrison | Installed Relay Interface Framework 11009 | -7/Garrison | Garrison Relay disabled 11192 | -7/Garrison | Build established: Scavenger-Skirmisher 11587 | -7/Garrison | Triggered checkpoint 11664 | -7/Garrison | Expanded RIF knowledge: Coupler Efficiency 12010 | -7/Garrison | H-XX Assembler disabled 12648 | -7/Garrison | Build established: Bothacker-Skirmisher 12685 | -7/Garrison | Entered Factory 12685 | -6/Factory | Accompanied by 2 allies 12685 | -6/Factory | Evolved 2 slots: Utility x2 13651 | -6/Factory | Discovered new exit (range 15) 13677 | -6/Factory | Entered Extension 13677 | -6/Extension | Accompanied by 2 allies 13939 | -6/Extension | Rescued a captive Derelict 13999 | -6/Extension | Rescued A7 14422 | -6/Extension | Rescued a captive Derelict 14425 | -6/Extension | Rescued a captive Derelict 14472 | -6/Extension | Build established: Commander-Mutant 15050 | -6/Extension | Spotted B-75 Beast 15061 | -6/Extension | Allies destroyed B-75 Beast 15070 | -6/Extension | Spotted B-75 Beast 15089 | -6/Extension | Allies destroyed B-75 Beast 15225 | -6/Extension | Rescued a captive Derelict 15226 | -6/Extension | Rescued a captive Derelict 15275 | -6/Extension | Rescued a captive Derelict 15279 | -6/Extension | Rescued a captive Derelict 15358 | -6/Extension | Build established: Commander-Skirmisher 15401 | -6/Extension | Rescued a captive Derelict 15574 | -6/Extension | Door terminal overloaded 15575 | -6/Extension | Rescued a captive Derelict 15609 | -6/Extension | Lost 8 allies 15633 | -6/Extension | Discovered new exit (range 10) 15636 | -6/Extension | Discovered new exit (range 6) 15676 | -6/Extension | Entered Cetus 15676 | -6/Cetus | Accompanied by 10 allies (A7) 15681 | -6/Cetus | Acquired a Cetus Manufacturing Module code from A7 15698 | -6/Cetus | Spotted Cetus Guard 15699 | -6/Cetus | Spotted Cetus Guard 15700 | -6/Cetus | Spotted Cetus Guard 15704 | -6/Cetus | Allies destroyed Cetus Guard 15705 | -6/Cetus | Spotted Cetus Guard 15716 | -6/Cetus | Allies destroyed Cetus Guard 15725 | -6/Cetus | Allies destroyed Cetus Guard 15738 | -6/Cetus | Allies destroyed Cetus Guard 15763 | -6/Cetus | Lost 5 allies 15878 | -6/Cetus | Build established: Bothacker-Skirmisher 15880 | -6/Cetus | Escorted A7 to Cetus Mainframe 16022 | -6/Cetus | Started Cetus Manufacturing Module 16036 | -6/Cetus | Discovered new exit (range 22) 16047 | -6/Cetus | Manufactured an Enhanced Grunt 16072 | -6/Cetus | Manufactured an Enhanced Grunt 16081 | -6/Cetus | Spotted Cetus Guard 16084 | -6/Cetus | Spotted Cetus Guard 16086 | -6/Cetus | Spotted Cetus Guard 16089 | -6/Cetus | Spotted Cetus Guard 16095 | -6/Cetus | Discovered new exit (range 21) 16097 | -6/Cetus | Manufactured an Enhanced Grunt 16103 | -6/Cetus | Destroyed Cetus Guard 16103 | -6/Cetus | Destroyed Cetus Guard 16107 | -6/Cetus | Allies destroyed Cetus Guard 16115 | -6/Cetus | Allies destroyed Cetus Guard 16122 | -6/Cetus | Manufactured an Enhanced Grunt 16130 | -6/Cetus | Met Revision 17 16134 | -6/Cetus | Lost 4 allies 16147 | -6/Cetus | Manufactured an Enhanced Grunt 16216 | -6/Cetus | Entered Archives 16216 | -6/Archives | Accompanied by 6 allies (A7) 16221 | -6/Archives | Received a hacking code to weaken MAIN.C 16273 | -6/Archives | Unable to access archive contents 16285 | -6/Archives | Discovered new exit (range 22) 16299 | -6/Archives | Unable to access archive contents 16361 | -6/Archives | Discovered new exit (range 22) 16373 | -6/Archives | Unable to access archive contents 16385 | -6/Archives | Discovered new exit (range 22) 16396 | -6/Archives | Unable to access archive contents 16516 | -6/Archives | Entered Hub_04(d) 16516 | -6/Hub_04(d) | Accompanied by 5 allies 16794 | -6/Hub_04(d) | Discovered new exit (range 20) 16849 | -6/Hub_04(d) | Lost 3 allies 16947 | -6/Hub_04(d) | Network Hub disabled 16961 | -6/Hub_04(d) | Spotted Lightning 16961 | -6/Hub_04(d) | Spotted Lightning 16978 | -6/Hub_04(d) | Lost 5 parts (3n2w) 16991 | -6/Hub_04(d) | Spotted Lightning 16998 | -6/Hub_04(d) | Entered Factory 16998 | -5/Factory | Evolved 2 slots: Utility x2 17002 | -5/Factory | Lost 3 allies 17028 | -5/Factory | Lost 4 parts (1p2n1u) 17247 | -5/Factory | Build established: Hacker-Mutant 17468 | -5/Factory | Lost 3 parts (2u1w) 18684 | -5/Factory | Garrison activated, responded to threat 18728 | -5/Factory | Discovered new exit (range 12) 18732 | -5/Factory | Found Prototype Launcher 18732 | -5/Factory | Identified Rocket Array 18756 | -5/Factory | Found Prototype Launcher 18756 | -5/Factory | Identified Smartbomb Launcher 18829 | -5/Factory | Entered another Factory area 18829 | -4/Factory | Evolved 2 slots: Utility x2 18835 | -4/Factory | Identified exit to Upper Caves 18835 | -4/Factory | Identified exit to Armory 18837 | -4/Factory | Identified exit to DSF 18837 | -4/Factory | Entered DSF 18852 | -4/DSF | Additional patrols routed to DSF 18887 | -4/DSF | Discovered new exit (range 20) 18891 | -4/DSF | Lost 3 parts (1n1u1w) 18906 | -4/DSF | Entered Research 18906 | -3/Research | Evolved 2 slots: Utility x2 19106 | -3/Research | Revision forces began assault on 0b10 19117 | -3/Research | Found Prototype Device 19117 | -3/Research | Identified Exp. Thermal Shield 19149 | -3/Research | Spotted B-86 Titan 19273 | -3/Research | Lost 5 parts (1n2u2w) 19312 | -3/Research | Lost 3 allies 19329 | -3/Research | Found Fusion Bomb Launcher 19341 | -3/Research | Discovered new exit (range 2) 19469 | -3/Research | Found Prototype Processor 19469 | -3/Research | Identified Exp. Terrain Scan Processor 19596 | -3/Research | Spotted B-86 Titan 19606 | -3/Research | Research terminal network offline 19638 | -3/Research | Discovered new exit (range 9) 19643 | -3/Research | Identified exit to Quarantine 19813 | -3/Research | Spotted Striker 20097 | -3/Research | Spotted Striker 20098 | -3/Research | Spotted Executioner 20281 | -3/Research | Identified exit to Research 20303 | -3/Research | Entered another Research area 20303 | -2/Research | Evolved 2 slots: Utility x2 20377 | -2/Research | Spotted B-90 Cyclops 20422 | -2/Research | Discovered new exit (range 5) 20423 | -2/Research | Identified exit to Testing 20444 | -2/Research | Lost 5 parts (4u1w) 20483 | -2/Research | Watched by a mysterious "MATRIX" hacker. 20483 | -2/Research | Identified exit to Access 20655 | -2/Research | Lost 3 parts (2n1u) 20751 | -2/Research | Entered Access 20751 | -1/Access | Evolved 2 slots: Utility x2 20781 | -1/Access | Lost 3 parts (1n2u) 20940 | -1/Access | Identified exit to Surface 21004 | -1/Access | Spotted B-99 Colossus 21004 | -1/Access | Spotted B-99 Colossus 21236 | *** | Escaped! Last Messages --------------- local area. 21214_ U-05 Engineer sends out distress signal. 21215_ The unstable cave ceiling collapses. 21215_ K-01 Serf collects debris. 21216_ System Shield destroyed. 21216_ Graphene Brace destroyed. 21216_ Seismic Detector destroyed. 21216_ Dropped Lgt. Quantum Reactor. 21217_ The unstable cave ceiling collapses. 21217_ W-44 Eye sends out distress signal. 21219_ W-44 Eye destroyed. 21225_ Connecting with Terminal... >>Open(Door) Sealed Barrier opened. 21227_ The Access Shell folds into the floor. 21230_ P-80 Master destroyed. 21230_ A-15 Conveyor destroyed. 21231_ P-80 Master resets P-80 Master, system corruption cleaned. 21232_ P-80 Master destroyed. 21235_ U-05 Engineer lays Concrete. Map ----- +----------------------------------------------------+ | ?????????????????????????????????????????????????? | | ?????????????????????????????????????????????????? | | ?????????????????????????????????????????????????? | | ?????????????????????????????????????????????????? | | ?????????????????????????????????????????????????? | | ?????????????????????????????????????????????????? | | ?????????????????????????????????????????????????? | | ?????????????????????????????????????????????????? | | ?????????????????????????????????????????????????? | | ?????????????????????????????????????????????????? | | ?????????????????????????????????????????????????? | | ?????????????????????????????????????????????????? | | ?????????????????????????????????????????????????? | | ?????????????????????????????????????????????????? | | ??????????+ ????????????????????????????? ## | | ??????????# ?????????????????????????????######## | | ??????????# ?????????????????????????????## | | ??????????# ?????????????????????????????## | | ??????????# ??????###????????????????????## | | ??????????# ####### ##########???????????## | | ??????????# """T""" "???????????????? ## | | ??????????# """ """ "????BB ?? ### ?? # | | ??????????#u "????BB ### ?? # | | ??????????# "??? ? # | | ????????? "" "??? # | | ????????? @" "??? + | | ????????? "??? # | | ????????? % ! "??? BB ####+#### | | ?????????# = "????BB??? # | | ?????????# % "??????????????????? | | ?????????##% = ### ##########??????????????????? | | ?????????## p ???###???????????????????????????? | | ?????????## #??????????????????????????????????? | | ?????###### ####????????????????????????????????? | | ????## # # ##???????????????????????????????? | | ##### #???????????????????????????????? | | ##### # #???????????????????????????????? | | ##???????????????????????????????? | | * ##############???????????????????? | | % ###############???????????????????? | | w ##???????????????????? | | ##???????????????????? | | ########## #################????? | | ######### #################????? | | # # # # ! " ##????? | | # # ## ### + # # ##????? | | # ###### """"" # # " # =###### | | # ##??## ""R"" + # """ # ####### | | ##??## " " # + """# + | | ##??## # # ! " # # ##### | +----------------------------------------------------+ Best States ------------- Heat Dissipation 64 Energy Generation 28 Energy Capacity 325 Matter Stores 450 Matter Capacity 450 Sight Range 22 Robot Scan Range 20 Terrain Scan Range 20 Terrain Scan Density 1210 ECM Strength 2 Jamming Range 16 Power Amplification 30 Base Temperature (-) 200 Corruption Containment 12 Armor Coverage 1600 Resistance: TH 30 Resistance: EM 90 Weapon Cycling 25 Evasion (%) 67 Targeting Accuracy 14 Melee Accuracy 6 Launcher Accuracy 70 Target Analysis 12 Core Analysis 6 Recoil Reduction 8 Offensive Hacking 14 Defensive Hacking 32 Relay Coupler Types 2 Relay Coupler Value 104 Authchip Count 2 Item Schematics ----------------- None Robot Schematics ------------------ None Fabricated ------------ Nothing Repaired ---------- Nothing Studied --------- Q-thruster | -2/Research | Hacked Alien Tech Used ----------------- None Achievements -------------- Main Advantage You Will Be Upgraded Challenges ------------ None Game ------ Seed SpikedSupersonicWarhead Manual? 0 Play Time 03:00:45 Cumulative 137.1 hours Start 2026.03.01 @ 07:06:37 End 2026.03.01 @ 10:05:15 Sessions 1 Manual Loads 0 Difficulty Rogue Special Mode None Game No. 89 Rogue 85 Adventurer 4 Explorer 0 Win Type 0 Total 7 Types 7/0/0/0/0/0/0/0/0/0 Lore% 76 Gallery% 55 Achievement% 47 Wizard Run 0 Options --------- Layout 0 ASCII 0 Keyboard 1 Movement Vi Keybinds 0 Fullscreen 0 Font 16/SmallcapsGlow Map View 76x50 Zoom Use 0% Tactical HUD 1 Map Filters NONE Filters NONE Steam 1 RUN: 1b7dcab8-c083-4ac6-a5a8-178d53de2207